 Dungeon Crawl Stone Soup version 0.31-a0-870-g10ed682358 (webtiles) character file.

Game seed: 1904266891794608785

16740 Revguard the Fighter (level 12, -7/98 HPs)
             Began as a Demonspawn Gladiator on Oct 12, 2023.
             Was an Elder of Uskayaw.
             Mangled by a large abomination (31 damage)
             ... on level 1 of the Abyss.
             The game lasted 00:25:16 (8404 turns).

Revguard the Fighter (Demonspawn Gladiator)         Turns: 8404, Time: 00:25:16

Health: -7/98      AC: 12    Str: 19    XL:     12   Next: 12%
Magic:  18/18      EV: 13    Int: 10    God:    Uskayaw [****..]
Gold:   742        SH:  0    Dex: 15    Spells: 11/11 levels left

rFire   . . .        t - +6 hand axe (venom)
rCold   . . .        (no shield)
rNeg    . . .        l - +0 scale mail
rPois   +            c - +0 helmet
rElec   .            (no cloak)
rCorr   .            (no gloves)
SInv    .            s - +2 pair of boots
Will    .....        (no amulet) Stlth
                     r - ring of poison resistance
HPRegen 1.16/turn    y - ring of flight
MPRegen 0.16/turn

%: no passive effects
@: flying
A: icemail 2, spiny 2, condensation shield, demonic touch 2, sense surroundings
1, regeneration 1
a: Renounce Religion, Stomp, Line Pass


You were on level 1 of the Abyss.
You worshipped Uskayaw.
Uskayaw was aware of your devotion.
You visited 1 branch of the dungeon, and saw 11 of its levels.
You visited the Abyss 1 time.
You also visited: Sewer.

You collected 742 gold pieces.

Inventory:

Hand Weapons
 t - a +6 hand axe of venom (weapon)
 C - a +2 hand axe of flaming
Missiles
 d - 5 throwing nets (quivered)
 e - 3 javelins
Armour
 c - a +0 helmet (worn)
 l - a +0 scale mail (worn)
 s - a +2 pair of boots (worn)
Jewellery
 k - a ring of ice
 r - a ring of poison resistance (left hand)
 y - a ring of flight (right hand)
 I - a ring of see invisible
Wands
 u - a wand of charming (11)
 w - a wand of quicksilver (18)
 D - a wand of digging (4)
Scrolls
 a - 2 scrolls of identify
 b - a scroll of revelation
 g - 5 scrolls of teleportation
 h - 6 scrolls of enchant armour
 i - a scroll of amnesia
 j - 3 scrolls of vulnerability
 q - a scroll of fear
 z - a scroll of blinking
 B - a scroll of fog
 G - a scroll of enchant weapon
Potions
 f - a potion of magic
 m - a potion of lignification
 n - a potion of mutation
 o - 2 potions of might
 p - a potion of ambrosia
 v - 2 potions of brilliance
 x - a potion of cancellation
 A - a potion of attraction
 E - a potion of enlightenment
 F - a potion of heal wounds
 H - a potion of curing {unknown}


   Skills:
 * Level 10.3 Fighting
 * Level 9.7 Axes
 - Level 1.7 Throwing
 + Level 6.5 Armour
 + Level 7.1 Dodging
 + Level 9.0 Invocations
 + Level 6.8 Evocations


You had 11 spell levels left.
You didn't know any spells.
Your spell library contained the following spells:

 Spells                   Type           Power      Damage    Failure   Level
 Necrotise                Necr           0%         1d4       71%         1
 Shock                    Conj/Air       0%         1d3       71%         1
 Sting                    Tmut/Pois      0%         1d3       71%         1
 Summon Small Mammal      Summ           0%         N/A       71%         1
 Poisonous Vapours        Pois/Air       0%         N/A       83%         2
 Call Canine Familiar     Summ           0%         N/A       97%         3
 Dazzling Flash           Conj/Hex       0%         N/A       97%         3
 Summon Guardian Golem    Hex/Summ       0%         N/A       97%         3
 Swiftness                Air            0%         N/A       97%         3
 Volatile Blastmotes      Fire/Tloc      0%         2d10      97%         3
 Airstrike                Air            0%         2d(0-16)  100%        4
 Olgreb's Toxic Radiance  Pois           0%         N/A       100%        4
 Starburst                Conj/Fire      0%         6d3       100%        6
 Maxwell's Capacitive Co  Air            0%         ∞         100%        8


Dungeon Overview and Level Annotations

Branches:
Dungeon (11/15)            Temple (0/1) D:5            Lair (0/5) D:10
    Orc (0/2) D:10          Sewer (visited)

Altars:
Cheibriados
Dithmenos
Fedhas
Gozag
Hepliaklqana
Kikubaaqudgha
Makhleb
Sif Muna
Uskayaw
Vehumet
Xom
Yredelemnul

Shops:
D:3 [[   D:10 [

Annotations:
D:11 Erolcha


Innate Abilities, Weirdness & Mutations

A meltable icy envelope protects you from harm. (AC +0)
You are mostly covered in sharp spines.
A meltable shield of frost defends you. (SH +0)
Your touch may inflict irresistible damage on your foes.
You passively map a small area around you.
Your natural rate of healing is unusually fast.


Message History

Your Invocations skill increases to level 9!
The small abomination hits you.
You slash the small abomination!
The small abomination is moderately damaged.
The small abomination hits you!
You hit the small abomination.
The small abomination is heavily damaged.
The small abomination is struck by your spines.
The small abomination hits you!
You barely miss the small abomination.
The small abomination is almost destroyed.
You slash the small abomination!
You destroy the small abomination!
A large abomination materialises.
Things that are here:
a +3 dagger; a +0 robe; an orc corpse The large abomination is struck by your spines.
The large abomination hits you!! The large abomination hits you.
You slash the large abomination!
You touch the large abomination!
The large abomination is heavily damaged.
Uskayaw will force your foes to share their pain.
You slash the large abomination!
You touch the large abomination!
The large abomination is almost destroyed.
The large abomination hits you!!
You barely miss the large abomination.
The large abomination is almost destroyed.
The large abomination barely misses you.
You hit the large abomination.
The large abomination is almost destroyed.
The large abomination hits you!
* * * LOW HITPOINT WARNING * * *
You hit the large abomination.
The large abomination is almost destroyed.
The large abomination hits you.
* * * LOW HITPOINT WARNING * * *
You barely miss the large abomination.
The large abomination is almost destroyed.
The large abomination hits you!!
You die...

. ....#..#. .##.
.##.....#.._##..
.##. ..
........#.####...
#...........###.#.#
#.....#..#.)......#
# #.#......
#.......###.#
#......#
#...........# ... #
#.........#. # ...
..#....X@...# ..
.#............# .
....#..#.........#
..
...##..#...........
. ...
...#.........##.# .
.. #. #.#.......# .
.. .##
............# . . .
. ..........### ..
.... . .


You could see a large abomination.

Vanquished Creatures
  A tentacled starspawn (Abyss:1)
  Erica (D:8)
  A boulder beetle (D:11)
  7 two-headed ogres
  An orc sorcerer (Abyss:1)
  Jeremiah (D:9)
  A kobold demonologist (D:10)
  3 trolls
  A hornet (D:11)
  A yak (D:10)
  A wraith (D:9)
  A wyvern (D:8)
  3 steam dragons
  3 neqoxecs (Abyss:1)
  Grum (D:11)
  2 wargs (D:6)
  7 water moccasins
  5 orc warriors
  A sky beast (D:6)
  Pargi (Sewer)
  3 black bears (D:10)
  4 wolves (D:11)
  6 ogres (D:6)
  A centaur (D:9)
  5 kobold brigands
  4 scorpions (D:5)
  4 bullfrogs
  3 gnoll sergeants
  9 wights
  2 small abominations (Abyss:1)
  20 killer bees
  14 howler monkeys
  3 jellies
  2 gnoll boudas (D:6)
  11 hounds
  10 orc priests
  An iguana (D:5)
  18 orc wizards
  11 gnolls
  14 adders
  A shadow imp (D:7)
  A white imp (Abyss:1)
  3 worms
  3 dart slugs
  39 orcs
  5 bats
  5 endoplasms
  5 giant cockroaches
  9 goblins
  6 hobgoblins
  12 kobolds
  3 quokkas
  13 ball pythons
  8 frilled lizards
  A rat (D:3)
  A starspawn tentacle (Abyss:1)
303 creatures vanquished.

Vanquished Creatures (others)
  A starspawn tentacle (Abyss:1)
1 creature vanquished.

Grand Total: 304 creatures vanquished

Notes
Turn   | Place    | Note
-------+----------+-------------------------------------------
     0 | D:1      | Revguard the Demonspawn Gladiator began the quest for the
                  | Orb.
     0 | D:1      | Reached XP level 1. HP: 16/16 MP: 1/1
   104 | D:1      | Gained mutation: A meltable shield of frost defends you.
                  | (SH +0) [demonic ancestry]
   104 | D:1      | Reached XP level 2. HP: 14/22 MP: 2/2
   557 | D:2      | Reached skill level 1 in Invocations
   598 | D:2      | Reached XP level 3. HP: 28/28 MP: 3/3
   885 | D:2      | Reached skill level 1 in Evocations
  1466 | D:3      | Reached XP level 4. HP: 29/34 MP: 3/5
  1552 | D:3      | Reached skill level 1 in Armour
  1715 | D:3      | Found a faded altar of an unknown god.
  1935 | D:3      | Found a burning altar of Makhleb.
  1969 | D:3      | Found Huprus's Armour Boutique.
  2024 | D:3      | Found a hide-covered altar of Uskayaw.
  2043 | D:3      | Became a worshipper of Uskayaw the Reveller
  2071 | D:3      | Reached * piety under Uskayaw
  2072 | D:3      | Reached skill level 3 in Fighting
  2128 | D:3      | Found a shimmering altar of Xom.
  2155 | D:3      | Found a blossoming altar of Fedhas.
  2188 | D:3      | Reached ** piety under Uskayaw
  2425 | D:3      | Found Oshryath's Armour Boutique.
  2553 | D:4      | Gained mutation: You are partially covered in sharp spines.
                  | [demonic ancestry]
  2553 | D:4      | Reached XP level 5. HP: 39/41 MP: 6/6
  3042 | D:4      | Found a snail-covered altar of Cheibriados.
  3070 | D:4      | Gained mutation: Your touch may inflict minor irresistible
                  | damage on your foes. [demonic ancestry]
  3070 | D:4      | Reached XP level 6. HP: 47/47 MP: 7/7
  3380 | D:5      | Entered Level 5 of the Dungeon
  3549 | D:5      | Reached skill level 4 in Fighting
  3580 | D:5      | Found a glowing drain.
  3591 | Sewer    | Entered a sewer
  3592 | Sewer    | Gained mutation: Potions are less effective at restoring
                  | your health. [potion of mutation]
  3592 | Sewer    | Gained mutation: Your spells are a little harder to cast,
                  | but a little more powerful. [potion of mutation]
  3592 | Sewer    | Gained mutation: You have sharp toenails. [potion of
                  | mutation]
  3593 | Sewer    | Lost mutation: You have sharp toenails. [potion of
                  | mutation]
  3593 | Sewer    | Lost mutation: Potions are less effective at restoring your
                  | health. [potion of mutation]
  3593 | Sewer    | Lost mutation: Your spells are a little harder to cast, but
                  | a little more powerful. [potion of mutation]
  3593 | Sewer    | Gained mutation: Your natural rate of healing is unusually
                  | fast. [potion of mutation]
  3593 | Sewer    | Gained mutation: You are agile. (Dex +4, Str/Int -1)
                  | [potion of mutation]
  3593 | Sewer    | Gained mutation: You passively map a small area around you.
                  | [potion of mutation]
  3609 | Sewer    | Noticed Pargi
  3618 | Sewer    | Killed Pargi
  3618 | Sewer    | Reached *** piety under Uskayaw
  3619 | Sewer    | Reached XP level 7. HP: 54/54 MP: 9/9
  3834 | D:5      | Found a staircase to the Ecumenical Temple.
  4298 | D:5      | Found a basalt altar of Yredelemnul.
  4400 | D:6      | Found an opulent altar of Gozag.
  4666 | D:6      | Reached skill level 5 in Axes
  4667 | D:6      | Reached **** piety under Uskayaw
  4669 | D:6      | Reached skill level 5 in Fighting
  4669 | D:6      | Gained mutation: A meltable icy envelope protects you from
                  | harm. (AC +0) [demonic ancestry]
  4669 | D:6      | Reached XP level 8. HP: 62/62 MP: 10/10
  4672 | D:6      | Reached ***** piety under Uskayaw
  4692 | D:6      | Reached ****** piety under Uskayaw
  4697 | D:6      | Noticed a troll
  4709 | D:6      | Killed a troll
  4715 | D:6      | Reached skill level 6 in Fighting
  4726 | D:6      | Reached skill level 5 in Invocations
  4726 | D:6      | Reached XP level 9. HP: 25/69 MP: 12/12
  4852 | D:6      | Reached skill level 5 in Dodging
  4893 | D:6      | Reached skill level 7 in Fighting
  5512 | D:7      | Gained mutation: You are mostly covered in sharp spines.
                  | [demonic ancestry]
  5512 | D:7      | Reached XP level 10. HP: 51/79 MP: 14/14
  5807 | D:7      | Found a shimmering blue altar of Sif Muna.
  5817 | D:7      | Found an ancient bone altar of Kikubaaqudgha.
  5828 | D:7      | Got a moldy book
  5834 | D:7      | Found a radiant altar of Vehumet.
  5943 | D:8      | Noticed Erica
  5950 | D:8      | Killed Erica
  5951 | D:8      | Reached skill level 5 in Evocations
  6083 | D:8      | Reached skill level 8 in Fighting
  6142 | D:8      | Reached skill level 5 in Armour
  6742 | D:9      | Noticed a two-headed ogre
  6752 | D:9      | Killed a two-headed ogre
  6847 | D:9      | Identified the +1 ring mail of Watchfulness {Rampage rPois
                  | rF- Dex+2}
  6872 | D:9      | Noticed a two-headed ogre
  6881 | D:9      | Killed a two-headed ogre
  6882 | D:9      | Gained mutation: Your touch may inflict irresistible damage
                  | on your foes. [demonic ancestry]
  6882 | D:9      | Reached XP level 11. HP: 31/87 MP: 16/16
  7077 | D:9      | Found a hazy altar of Hepliaklqana.
  7082 | D:9      | Noticed Jeremiah
  7086 | D:9      | Reached skill level 9 in Fighting
  7099 | D:9      | Killed Jeremiah
  7389 | D:9      | Noticed a two-headed ogre
  7401 | D:9      | Killed a two-headed ogre
  7493 | D:10     | Entered Level 10 of the Dungeon
  7552 | D:10     | Noticed a two-headed ogre
  7556 | D:10     | Found a staircase to the Lair.
  7559 | D:10     | Killed a two-headed ogre
  7676 | D:10     | Found Pinupt's Armour Shoppe.
  7699 | D:10     | Found a shadowy altar of Dithmenos.
  7720 | D:10     | Noticed a two-headed ogre
  7730 | D:10     | Killed a two-headed ogre
  7910 | D:10     | Found a staircase to the Orcish Mines.
  7985 | D:11     | Noticed a two-headed ogre
  7991 | D:11     | Killed a two-headed ogre
  8080 | D:11     | Noticed Grum
  8089 | D:11     | Killed Grum
  8207 | D:11     | Noticed a boulder beetle
  8218 | D:11     | Killed a boulder beetle
  8219 | D:11     | Reached skill level 10 in Fighting
  8232 | D:11     | Noticed a two-headed ogre
  8239 | D:11     | Killed a two-headed ogre
  8287 | D:11     | Noticed Erolcha
  8293 | Abyss:1  | Cast into level 1 of the Abyss (Erolcha)
  8294 | Abyss:1  | Found a corrupted altar of Lugonu.
  8335 | Abyss:1  | Lost mutation: You are agile. (Dex +4, Str/Int -1) [a
                  | neqoxec]
  8373 | Abyss:1  | Noticed a tentacled starspawn
  8373 | Abyss:1  | Noticed an orc sorcerer
  8378 | Abyss:1  | Killed an orc sorcerer
  8379 | Abyss:1  | Gained mutation: A meltable icy envelope protects you from
                  | harm. (AC +0) [demonic ancestry]
  8379 | Abyss:1  | Reached XP level 12. HP: 94/97 MP: 18/18
  8383 | Abyss:1  | Killed a tentacled starspawn
  8404 | Abyss:1  | Mangled by a large abomination

Illustrated notes

Levels and vault maps discovered:
D:1:      amcnicky_arrival_gap_in_the_tavern_cellar, layout_rooms,
          minmay_hexomino_c4
D:2:      layout_basic, minmay_misc_feat_rugged, roderic_serpentine_path
D:3:      layout_loops_corners, eat_drink_and_be_merry_uskayaw,
          lightli_temple_of_fire, mainiacjoe_overflow_two_lobes, serial_shops,
          nicolae_shop_peninsula, nicolae_shop_advertising_works
          [nicolae_subvault_shop_adworks], nicolae_ecumenical_snake_handling
D:4:      layout_loops_corners, cheibriados_altar_1, lemuel_doored_altar
D:5:      layout_loops_ring, mainiacjoe_overflow_boulevard,
          mainiacjoe_overflow_tiny_flanked, minmay_temple_entry_waves,
          portal_sewer_entry_d
D:6:      lemuel_castle_with_subvaults [lemuel_castle_interior_carwin_2],
          layout_gridville, nicolae_gozag_seed_capital
D:7:      layout_basic, palyth_temple_overflow_mages
D:8:      layout_cave_pods, uniq_erica
D:9:      layout_roguey, nicolae_overflow_crystal_walls, uniq_jeremiah
D:10:     layout_roguey, grunt_dithmenos_smoke, due_lair_maze_entry_diamond,
          orc_0_dummy, serial_shops, shop
D:11:     minmay_statue_hallways, layout_small_grid, uniq_erolcha, uniq_grum,
          uniq_fannar
Abyss:1:  base: D:10, evilmike_abyss_exit_10

Skill      XL: |  1  2  3  4  5  6  7  8  9 10 11 12 |
---------------+-------------------------------------+-----
Axes           | 3 4 5 6 7 8 9 |  9.7
Invocations    | 1 2 3 5 6 7 8 9 |  9.0
Evocations     | 1 2 3 4 5 6 |  6.8
Armour         | 1 2 3 4 5 6 |  6.5
Dodging        | 3 4 5 6 7 |  7.1
Fighting       | 3 4 5 6 7 8 10 | 10.3
Throwing       | |  1.7

Action                     |  1- 3 |  4- 6 |  7- 9 | 10-12 || total
---------------------------+-------+-------+-------+-------++-------
  Melee: War axe           |   132 |       |       |       ||   132
         Hand axe          |     7 |   109 |   148 |   242 ||   506
         Punch             |     1 |       |       |     4 ||     5
         Touch             |       |     6 |    35 |    54 ||    95
 Invoke: Stomp             |       |       |       |     3 ||     3
         Line Pass         |       |       |       |     1 ||     1
  Evoke: Wand              |       |       |       |     1 ||     1
    Use: Scroll            |       |    11 |    11 |     5 ||    27
         Potion            |       |     2 |     5 |       ||     7
   Stab: Paralysed         |       |       |    20 |    43 ||    63
 Armour: Leather armour    |    20 |       |       |       ||    20
         Scale mail        |    54 |    55 |   116 |   166 ||   391
         Ring mail         |     2 |       |       |       ||     2
  Dodge: Dodged            |    87 |    55 |    77 |   151 ||   370
  Block: Other             |    29 |    23 |    17 |    31 ||   100

Table legend: (Time is in decaauts)
 A = Elapsed time spent in this place.
 B = Non-inter-level travel time spent in this place.
 C = Inter-level travel time spent in this place.
 D = Time resting spent in this place.
 E = Time spent auto-exploring this place.
 F = Levels seen in this place.
 G = Mean time per level.
                   A        B        C        D        E       F      G
               +--------+--------+--------+--------+--------+-----+--------+
         Total |   8435 |   8229 |    206 |      0 |   6277 |  13 |  648.8 |
       Dungeon |   8101 |   7895 |    206 |      0 |   6093 |  11 |  736.5 |
         Abyss |    106 |    106 |      0 |      0 |     59 |   1 |  106.0 |
         Sewer |    227 |    227 |      0 |      0 |    125 |   1 |  227.0 |
               +--------+--------+--------+--------+--------+-----+--------+

Top non-repeatable levels by time:
     D:3: 1134 daAuts
     D:6: 934 daAuts
     D:2: 871 daAuts
     D:4: 865 daAuts
     D:8: 795 daAuts
     D:5: 786 daAuts
     D:9: 745 daAuts
     D:7: 617 daAuts
     D:1: 562 daAuts
    D:10: 475 daAuts
    D:11: 312 daAuts
   Sewer: 227 daAuts
 Abyss:1: 106 daAuts
